 Dungeon Crawl Stone Soup version 0.30-a0-743-gbfdf073431 (webtiles) character file.

Game seed: 604792453513689630

47 BRD the Chopper (level 3, -2/28 HPs)
             Began as a Demonspawn Gladiator on Feb 7, 2023.
             Killed from afar by Sigmund (10 damage)
             ... with a magic dart
             ... on level 2 of the Dungeon.
             The game lasted 00:01:58 (1035 turns).

BRD the Chopper (Demonspawn Gladiator)              Turns: 1035, Time: 00:01:58

Health: -2/28      AC:  3    Str: 14    XL:     3   Next: 48%
Magic:  3/3        EV: 12    Int: 11    God:
Gold:   64         SH:  0    Dex: 14    Spells: 2/2 levels left

rFire   + . .      SeeInvis .    a - +0 war axe
rCold   . . .      Faith    .    (no shield)
rNeg    . . .      Spirit   .    b - +0 leather armour
rPois   .          Reflect  .    (helmet restricted)
rElec   .          Harm     .    (no cloak)
rCorr   .          Rampage  .    (no gloves)
Will    .....                    (no boots)
Stlth   +                        j - amulet of the acrobat
HPRegen 0.24/turn                i - ring of protection from fire
MPRegen 0.08/turn                (no ring)

@: no status effects
A: horns 1, powered by death 1
a: no special abilities


You were on level 2 of the Dungeon.
You visited 1 branch of the dungeon, and saw 2 of its levels.

You collected 64 gold pieces.

Inventory:

Hand Weapons
 a - a +0 war axe (weapon)
Missiles
 d - 3 throwing nets
 e - a javelin (quivered)
Armour
 b - a +0 leather armour (worn)
 c - a +0 helmet
Jewellery
 i - a ring of protection from fire (left hand)
 j - an amulet of the acrobat (around neck)
Scrolls
 f - a scroll of identify {unknown}
 h - a scroll of silence {unknown}
Potions
 g - a potion of might {unknown}
 k - a potion of mutation {unknown}
 l - a potion of invisibility {unknown}
 m - 2 potions of curing
 n - a potion of heal wounds {unknown}
 o - a potion of flight {unknown}
 p - 2 potions of resistance {unknown}


   Skills:
 + Level 2.7 Fighting
 + Level 3.2 Axes
 - Level 2.0 Throwing
 + Level 3.2 Dodging


You had 2 spell levels left.
You didn't know any spells.
Your spell library contained the following spells:

 Spells                   Type           Power      Damage    Failure   Level
 Apportation              Tloc           0%         N/A       41%         1
 Necrotise                Necr           0%         1d4       41%         1
 Summon Small Mammal      Summ           0%         N/A       41%         1
 Ignite Poison            Fire/Tmut/Pois 0%         N/A       80%         3
 Kindle Blastsparks       Fire/Tloc/Air  0%         2d10      80%         3
 Freezing Cloud           Conj/Ice/Air   0%         6-21      100%        5


Dungeon Overview and Level Annotations

Branches:
Dungeon (2/15)

Altars:

Annotations:
D:2 Sigmund


Innate Abilities, Weirdness & Mutations

You have a pair of small horns on your head.
You regenerate a little health from kills.


Message History

Found a chain mail.
m - 3 yellow potions (gained 1)
A worm comes into view.
Sigmund the Dreaded comes into view.
He is wielding a +0 scythe.
Sigmund shouts!
You hit the worm but do no damage.
Sigmund gestures wildly while chanting.
Sigmund flickers and vanishes!
Deactivating autopickup; reactivate with Ctrl-A.
The worm bites you but does no damage.
You slash the worm! You headbutt the worm.
The worm is severely wounded.
You completely miss the worm. Your headbutt misses the worm.
You punch the worm.
The worm is almost dead.
A magic dart appears from out of thin air!
The magic dart hits you. The worm bites you.
You hit the worm but do no damage. You headbutt the worm.
You kill the worm!
You hear some strange, mumbled words.
A magic dart appears from out of thin air!
The magic dart hits you.
You closely miss something. Your headbutt misses something. Something hits you.
You hit something but do no damage. Something hits you but does no damage.
You barely miss something. You headbutt something. Something hits you.
You miss something. Your headbutt misses something. Something hits you.
* * * LOW HITPOINT WARNING * * *
It was a potion of curing.
You feel better. Something hits you!
You slash something! You headbutt something. You miss something.
You punch something. Something hits you but does no damage.
You closely miss something. Something hits you but does no damage.
You hit something.
You hear some strange, mumbled words.
A puff of flame appears from out of thin air!
The puff of flame hits you. You resist.
* * * LOW HITPOINT WARNING * * *
You hear some strange, mumbled words.
A magic dart appears from out of thin air!
The magic dart hits you!
You die...

....... .... .......
....... ....... .......
#....... .......
#....... .......
#......##......
#.....{.....#
#...[..@....###. ..
................ ....
####............
.....#######...##.......
...............# .....##
...............# .....#
...............# .....#
...........[...# ...###
...............# ...#


There were no monsters in sight!

Vanquished Creatures
  An adder (D:2)
  A worm (D:2)
  3 ball pythons
  3 bats (D:1)
  2 endoplasms
  7 goblins (D:1)
  2 hobgoblins (D:1)
  5 quokkas (D:1)
  3 frilled lizards
  2 kobolds
  A rat (D:2)
30 creatures vanquished.

Vanquished Creatures (others)
  A plant (D:1)
1 creature vanquished.

Grand Total: 31 creatures vanquished

Notes
Turn   | Place    | Note
-------+----------+-------------------------------------------
     0 | D:1      | BRD the Demonspawn Gladiator began the quest for the Orb.
     0 | D:1      | Reached XP level 1. HP: 16/16 MP: 1/1
   150 | D:1      | Gained mutation: You have a pair of small horns on your
                  | head. [demonic ancestry]
   150 | D:1      | Reached XP level 2. HP: 22/22 MP: 2/2
   777 | D:1      | Gained mutation: You regenerate a little health from kills.
                  | [demonic ancestry]
   777 | D:1      | Reached XP level 3. HP: 28/28 MP: 3/3
  1019 | D:2      | Noticed Sigmund
  1035 | D:2      | Killed from afar by Sigmund

Illustrated notes

Levels and vault maps discovered:
D:1:      minmay_arrival_shattered_statue, layout_basic, serial_bayou_ford_a
D:2:      layout_basic, dreamdust_princess_corridor, uniq_sigmund, uniq_robin

Skill      XL: |  1  2 |
---------------+-------+-----
Throwing       | 2 |  2.0
Axes           | 3 |  3.2
Dodging        | 3 |  3.2
Fighting       | |  2.7

Action                     || total
---------------------------++-------
  Melee: War axe           ||    82
         Headbutt          ||    17
         Punch             ||     3
    Use: Potion            ||     1
 Armour: Leather armour    ||    23
  Dodge: Dodged            ||    60

Table legend: (Time is in decaauts)
 A = Elapsed time spent in this place.
 B = Non-inter-level travel time spent in this place.
 C = Inter-level travel time spent in this place.
 D = Time resting spent in this place.
 E = Time spent auto-exploring this place.
 F = Levels seen in this place.
 G = Mean time per level.
                   A        B        C        D        E       F      G
               +--------+--------+--------+--------+--------+-----+--------+
         Total |   1069 |   1001 |     68 |      0 |    781 |   2 |  534.5 |
       Dungeon |   1069 |   1001 |     68 |      0 |    781 |   2 |  534.5 |
               +--------+--------+--------+--------+--------+-----+--------+

Top non-repeatable levels by time:
     D:1: 957 daAuts
     D:2: 111 daAuts
